 Dungeon Crawl Stone Soup version 0.31-a0-1009-g454b1f1e0a (webtiles) character file.

Game seed: 8634475560687528200

60 senseless the Changeling (level 3, 16/16 HPs)
             Began as a Felid Shapeshifter on Nov 13, 2023.
             Quit the game on level 2 of the Dungeon.
             The game lasted 00:00:51 (522 turns).

senseless the Changeling (Felid Shapeshifter)        Turns: 522, Time: 00:00:52

Health: 16/16      AC:  1    Str: 10    XL:     3   Next: 82%
Magic:  4/4        EV: 18    Int: 11    God:
Gold:   37         SH:  0    Dex: 17    Spells: 2/2 levels left
                                        Lives:  0   Deaths: 1

rFire   . .          .
                       - Unarmed
rCold   . . .        (shield unavailable)
rNeg    . . .        (body armour unavailable)
rPois   .            (helmet unavailable)
rElec   .            (cloak unavailable)
rCorr   .            (gloves unavailable)
SInv    +            (boots unavailable)
Will    .....        (no amulet)
Stlth   ++           (no ring)
HPRegen 0.22/turn    (no ring)
MPRegen 0.09/turn

%: no passive effects
@: beast-form, quick
A: beast (slay +2), very small, claws 1, fangs 3, see invisible, speed 1, shaggy
fur 1, stealthy paws, no weapons or thrown items, no armour, multi-lived
a: Begin Untransformation


You were on level 2 of the Dungeon.
You were a hulking beast.
You visited 1 branch of the dungeon, and saw 2 of its levels.

You collected 37 gold pieces.

Inventory:

Talismans
 b - a beast talisman
 c - a flux talisman
Scrolls
 e - a scroll of identify {unknown}
 f - a scroll of enchant armour {unknown}
Potions
 a - 2 potions of lignification
 d - a potion of magic {unknown}


   Skills:
 + Level 2.0 Fighting
 + Level 3.6 Dodging
 + Level 3.5 Unarmed Combat
 + Level 3.8 Shapeshifting


You had 2 spell levels left.
You didn't know any spells.
Your spell library contained the following spells:

 Spells                   Type           Power      Damage    Failure   Level
 Shock                    Conj/Air       0%         1d3       34%         1
 Swiftness                Air            0%         N/A       71%         3
 Airstrike                Air            0%         2d(0-16)  98%         4


Dungeon Overview and Level Annotations

Branches:
Dungeon (1/15)

Altars:

Shops:
D:2 [

Annotations:
D:2 1 runed translucent door, Crazy Yiuf


Innate Abilities, Weirdness & Mutations

You are a hulking beast.
Your limbs bulge with bestial killing power. (Slay +2)
You have sharp claws.
You have razor-sharp teeth.
You have supernaturally acute eyesight. (SInv)
You cover ground quickly. (Speed+)
You are covered in fur. (AC +1)
Your paws help you pounce on unaware monsters.
You are incapable of wielding weapons or throwing items.
You cannot wear armour.
You gain extra lives every three experience levels.


Message History

A goblin is nearby!
You scratch the goblin.
You kill the goblin!
No target in view!
No target in view!
No target in view!
No target in view!
No target in view!
No target in view!
No target in view!
No target in view!
No target in view!
No target in view!
No target in view!
No target in view!
No target in view!
Things that are here:
a +0 club; a goblin corpse
Found a club.
You see here a +0 club.
Found a stone staircase leading down.
A goblin is nearby!
A goblin is nearby!
The goblin shouts!
You scratch the goblin.
The goblin is heavily wounded.
The goblin closely misses you.
You scratch the goblin.
You kill the goblin!
No target in view!
No target in view!
No target in view!
No target in view!
No target in view!
No target in view!
No target in view!
No target in view!
No target in view!
f - a scroll labelled GINKAE IJEECS Are you sure you want to abandon this character and quit the game? (Confirm with "yes".)

.....#.......###.....#
.#.###.##.####
J......# ##.##.....#
#.......# ##..#.....#
#.......# ..........#
##.....## .....<>..##
#....## ....#.....#
#.#### ###.......# #.#
#.......######h##
##......##......#
#......##......#
##.............#
#####.######......#
..........).......#
.##......###......#
.........# #......#
.........# #......#


You could see an endoplasm (wandering).

Vanquished Creatures
  5 adders (D:2)
  A ball python (D:2)
  A bat (D:2)
  2 goblins (D:2)
  A hobgoblin (D:2)
  2 jackals (D:1)
  2 quokkas (D:2)
  A frilled lizard (D:2)
  A kobold (D:2)
  A rat (D:2)
17 creatures vanquished.

Notes
Turn   | Place    | Note
-------+----------+-------------------------------------------
     0 | D:1      | senseless the Felid Shapeshifter began the quest for the
                  | Orb.
     0 | D:1      | Reached XP level 1. HP: 9/9 MP: 2/2
    46 | D:1      | You fall into a shaft and drop 1 floor!
    60 | D:2      | Reached XP level 2. HP: 11/12 MP: 3/3
    84 | D:2      | Slain by a quokka
    90 | D:2      | Found Nafefi's Antique Armour Shoppe.
   105 | D:2      | Reached XP level 3. HP: 6/16 MP: 4/4
   364 | D:2      | Found a runed translucent door.
   365 | D:2      | Noticed Crazy Yiuf
   522 | D:2      | Quit the game

Illustrated notes

Levels and vault maps discovered:
D:1:      mainiacjoe_arrival_oval_in_oval, layout_basic, basic_ecumenical_altar,
          minmay_misc_feat_tiny, roderic_lattice_a, minmay_hexomino_r4
D:2:      layout_rooms, serial_shops, shop_statue, hex_large,
          minmay_indecisive_spiral, uniq_crazy_yiuf_cottage

Skill      XL: |  1  2  3 |
---------------+----------+-----
Dodging        | 3 |  3.6
Fighting       | 2 |  2.0
Unarmed Combat | |  3.5
Shapeshifting  | |  3.8

Action                     || total
---------------------------++-------
  Melee: Unarmed           ||    45
         Bite              ||     4
         Punch             ||     3
 Armour: Skin              ||    18
  Dodge: Dodged            ||    41

Table legend: (Time is in decaauts)
 A = Elapsed time spent in this place.
 B = Non-inter-level travel time spent in this place.
 C = Inter-level travel time spent in this place.
 D = Time resting spent in this place.
 E = Time spent auto-exploring this place.
 F = Levels seen in this place.
 G = Mean time per level.
                   A        B        C        D        E       F      G
               +--------+--------+--------+--------+--------+-----+--------+
         Total |    453 |    453 |      0 |      0 |    363 |   2 |  226.5 |
       Dungeon |    453 |    453 |      0 |      0 |    363 |   2 |  226.5 |
               +--------+--------+--------+--------+--------+-----+--------+

Top non-repeatable levels by time:
     D:2: 413 daAuts
     D:1: 39 daAuts
